 Dungeon Crawl Stone Soup version 0.26.1-11-gd32895ea62 (webtiles) character file.

Game seed: 13774705141982511206

42601 Quickbrownfox the Protected (level 13, -8/116 HPs)
             Began as a Minotaur Monk on Apr 15, 2021.
             Was the Champion of Cheibriados.
             Mangled by a sun demon (20 damage)
             ... summoned by an obsidian statue
             ... in a Gauntlet.
             The game lasted 00:57:48 (14636 turns).

Quickbrownfox the Protected (Minotaur Monk)        Turns: 14636, Time: 00:57:49

Health: -8/116     AC: 19    Str: 37    XL:     13   Next: 86%
Magic:  18/18      EV: 20    Int: 22    God:    Cheibriados [******]
Gold:   1259       SH:  0    Dex: 36    Spells: 10/12 levels left

rFire    + . .     SeeInvis .   P - +5 battleaxe
rCold    + . .     Faith    .   (shield currently unavailable)
rNeg     . . .     Spirit   .   h - +3 ring mail
rPois    .         Reflect  .   (helmet restricted)
rElec    .         Harm     .   w - +2 cloak {rF+}
rCorr    .         Rampage  .   S - +1 pair of gloves {Str+3}
Will     +....     Rnd*Rage +   l - +0 pair of boots Stlth ++++......NoTele +
                                A - amulet of regeneration
HPRegen  0.69/turn              b - +6 ring of dexterity
MPRegen  0.16/turn              Z - ring of protection from cold

@: very slow
A: retaliatory headbutt, horns 2, talons 1, berserk 1, blurry vision 1,
strong-willed 1, shaggy fur 1
a: Renounce Religion, Bend Time, Temporal Distortion, Slouch, Step From Time


You were in a Gauntlet.
You worshipped Cheibriados.
Cheibriados was exalted by your worship.
You visited 2 branches of the dungeon, and saw 16 of its levels.
You also visited: Gauntlet and Volcano.

You collected 1259 gold pieces.

Inventory:

Hand Weapons
 n - a +2 battleaxe of flaming
 O - a +2 mace of protection
 P - a +5 battleaxe (weapon)
 V - the +5 shortbow of Popular Demand {vorpal, +Fly MP+9 Dex+4}
   (You found it on level 9 of the Dungeon)

   Any arrow fired from it inflicts extra damage.
   It affects your dexterity (+4).
   It affects your magic capacity (+9).
   It lets you fly.
Missiles
 C - 39 poisoned darts (quivered)
 E - 235 arrows
 T - 7 javelins
Armour
 h - a +3 ring mail (worn)
 l - a +0 pair of boots (worn)
 w - a +2 cloak of fire resistance (worn)
 Q - a scarf of resistance
 S - a +1 pair of gloves of strength (worn)
 W - a +1 ring mail of fire resistance
Jewellery
 a - an uncursed amulet of the acrobat {unknown}
 b - a +6 ring of dexterity (left hand)
 c - an uncursed amulet of magic regeneration {unknown}
 k - an uncursed ring of stealth {unknown}
 r - an uncursed ring of fire
 u - an uncursed ring of protection from cold
 A - an amulet of regeneration (around neck)
 M - an uncursed amulet of guardian spirit {unknown}
 Z - a ring of protection from cold (right hand)
Wands
 D - a wand of enslavement (4)
 F - a wand of paralysis (7)
 G - a wand of disintegration (20)
 J - a wand of iceblast (11)
 X - a wand of flame (17)
Scrolls
 e - 10 scrolls of remove curse
 f - 2 scrolls of fog
 i - a scroll of immolation
 j - a scroll of brand weapon {unknown}
 p - 2 scrolls of teleportation
 q - a scroll of blinking
 s - a scroll of holy word
 H - 2 scrolls of enchant armour
 I - 3 scrolls of fear
 L - a scroll of magic mapping
Potions
 d - 2 potions of mutation
 g - a potion of cancellation
 m - a potion of flight
 o - 2 potions of resistance
 t - 3 potions of attraction
 z - 4 potions of curing
 B - a potion of invisibility
 N - a potion of lignification
 U - 2 potions of heal wounds
 Y - a potion of might


   Skills:
 * Level 11.5 Fighting
 + Level 10.4(11.9) Axes
 + Level 9.7(11.5) Maces & Flails
 + Level 10.6 Bows
 + Level 4.4 Throwing
 * Level 13.4 Armour
 + Level 7.0 Dodging
 + Level 5.4 Stealth
 + Level 8.2 Invocations
 + Level 0.8 Evocations


You had 10 spell levels left.
You knew the following spells:

 Your Spells              Type           Power        Failure   Level
a - Corona                Hex            0%           21%         1
b - Foxfire               Conj/Fire      0%           21%         1

Your spell library contained the following spells:

 Spells                   Type           Power        Failure   Level
 Beastly Appendage        Tmut           0%           21%         1
 Slow                     Hex            0%           30%         2
 Wereblood                Tmut           0%           30%         2
 Inner Flame              Hex/Fire       0%           52%         3
 Portal Projectile        Hex/Tloc       0%           52%         3
 Spider Form              Tmut/Pois      0%           52%         3
 Cause Fear               Hex            0%           90%         4
 Ice Form                 Ice/Tmut       0%           90%         4
 Leda's Liquefaction      Hex/Erth       0%           90%         4
 Blade Hands              Tmut           0%           99%         5
 Dragon Form              Tmut           0%           100%        7
 Dragon's Call            Summ           0%           100%        9


Dungeon Overview and Level Annotations

Branches:
Dungeon (12/15)            Temple (0/1) D:4            Lair (5/6) D:9
 Shoals (0/4) Lair:2        Snake (0/4) Lair:3          Orc (0/2) D:12
Volcano (visited)         Gauntlet (1/1)
  Slime: Lair:5-6

Altars:
Ashenzari
Cheibriados
Elyvilon
Fedhas
Gozag
Hepliaklqana
Kikubaaqudgha
Makhleb
Nemelex Xobeh
Okawaru
Ru
Sif Muna
Trog
Wu Jian
The Shining One

Annotations:
Gauntlet 5 transporters, exclusion: obsidian statue


Innate Abilities, Weirdness & Mutations

You reflexively headbutt those who attack you in melee.
You have a pair of horns on your head.
You have sharp toenails.
You tend to lose your temper in combat.
Scrolls take you a little longer to read.
You are strong-willed. (Will+)
You are covered in fur. (AC +1)


Message History

You hit the obsidian statue.
You headbutt the obsidian statue, but do no damage.
The obsidian statue is almost destroyed.
You carve the ufetubus like a ham!!!
You kill the ufetubus!
You barely miss the sun demon. You completely miss the red devil.
The red devil barely misses you. You furiously retaliate!
You headbutt the red devil, but do no damage.
The obsidian statue's eyes glow briefly.
The sun demon hits you!
* * * LOW HITPOINT WARNING * * *
You are engulfed in flames!
You resist.
* * * LOW HITPOINT WARNING * * *
You feel much better. The red devil closely misses you.
You furiously retaliate!
You headbutt the red devil! The sun demon hits you!
* * * LOW HITPOINT WARNING * * *
You are engulfed in flames!
You resist.
* * * LOW HITPOINT WARNING * * *
You fail to use your ability.
The sun demon hits you!!
You die...

## ## ### ## ##
#≈###≈###≈###≈###≈###≈##
≈≈≈#≈≈≈#≈≈≈#≈≈≈#≈≈≈#≈≈≈#
........................
######...#########...###
##..##.8.#..^.548#.8.#.#
..##.#...#.8.#5#@#...#x.
†#.#.#####..P.435#####x.
#©.#©#©.©#.8.©.#©#©.©#X#
#.#..#...#.......#...###
.##..#...#.⌠.#.#}#...##
#..###8©8#..^.^..#8©8#..
########################
........................
≈≈≈#...8⌠8..8∩8..8⌠8...#


You could see an obsidian statue, a sun demon (summoned), a thrashing horror, a
hellwing (summoned), a red devil (summoned), 2 small abominations, an iron imp
(summoned) and a shadow imp (summoned).

Vanquished Creatures
  The ghost of Amplified the Fighter, a journeyman BaFi of Okawaru (D:12)
  Harold (D:8)
  Erica (Lair:2)
  5 hydras
  A dancing weapon (Volcano)
  2 two-headed ogres
  The ghost of Uretham the Sneak, a novice OpSu of Yredelemnul (Lair:1)
  Pikel (D:8)
  5 wizards (Volcano)
  An obsidian statue (D:11)
  A cyclops (D:12)
  A manticore (Lair:2)
  5 toenail golems (Volcano)
  A worldbinder (Gauntlet)
  Joseph (D:8)
  7 elephants
  An ice statue (D:11)
  A guardian serpent (D:11)
  A torpor snail (Lair:3)
  8 cane toads
  2 gargoyles
  3 centaur skeletons
  9 komodo dragons
  3 rime drakes
  5 ice devils (D:11)
  A queen bee (Gauntlet)
  2 trolls
  A polar bear (Lair:1)
  A wind drake (Lair:2)
  Grinder (D:3)
  Prince Ribbit (D:5)
  4 blink frogs (Lair:1)
  33 yaks
  4 wyverns
  5 basilisks
  Grum (D:9)
  2 nagas (Lair:3)
  2 wargs (D:12)
  2 acid dragons (D:12)
  12 water moccasins
  4 orc warriors
  An ice beast (D:10)
  2 sky beasts
  A boggart (Gauntlet)
  3 phantoms
  10 wolves
  6 centaurs
  2 big kobolds
  Blork the orc (D:5)
  16 bullfrogs
  3 scorpions
  12 wights
  25 killer bees
  3 howler monkeys (D:10)
  3 centaur zombies
  4 hounds
  A bullfrog skeleton (D:12)
  8 orc wizards
  7 orc priests
  2 jellies
  5 iguanas
  3 worker ants
  A hound zombie (D:5)
  A worker ant zombie (D:10)
  4 gnolls (D:10)
  A howler monkey skeleton (D:9)
  6 adders
  2 shadow imps
  13 white imps
  10 ufetubi
  5 oozes
  2 adder skeletons
  2 worms (D:2)
  A dart slug (D:1)
  3 leopard geckos
  38 orcs
  2 ball pythons
  12 bats
  6 giant cockroaches
  5 goblins
  13 hobgoblins
  18 jackals
  15 kobolds
  3 quokkas
  6 frilled lizards
  A quokka zombie (D:8)
  11 rats
443 creatures vanquished.

Vanquished Creatures (collateral kills)
  2 yaks (Lair:1)
2 creatures vanquished.

Vanquished Creatures (others)
  A black mamba (Lair:1)
  A black bear (Lair:1)
  A worker ant (D:12)
  11 fungi
  11 plants
  3 withered plants (Gauntlet)
28 creatures vanquished.

Grand Total: 473 creatures vanquished

Notes
Turn   | Place    | Note
-------+----------+-------------------------------------------
     0 | D:1      | Quickbrownfox the Minotaur Monk began the quest for the
                  | Orb.
     0 | D:1      | Reached XP level 1. HP: 19/19 MP: 0/0
   228 | D:1      | Reached XP level 2. HP: 18/27 MP: 1/1
   537 | D:1      | Reached XP level 3. HP: 33/33 MP: 2/2
   758 | D:1      | Found a sparkling altar of Nemelex Xobeh.
  1374 | D:2      | Reached XP level 4. HP: 40/40 MP: 3/3
  1481 | D:2      | Found a faded altar of an unknown god.
  1501 | D:2      | Became a worshipper of Cheibriados the Contemplative
  1501 | D:2      | Reached * piety under Cheibriados
  1501 | D:2      | Reached ** piety under Cheibriados
  1548 | D:2      | Reached skill level 1 in Armour
  1615 | D:2      | Reached *** piety under Cheibriados
  1844 | D:2      | Found a glowing golden altar of the Shining One.
  1915 | D:2      | Found a white marble altar of Elyvilon.
  2179 | D:3      | Reached skill level 5 in Maces & Flails
  2185 | D:3      | Reached skill level 1 in Invocations
  2185 | D:3      | Reached XP level 5. HP: 39/47 MP: 4/4
  2325 | D:3      | Reached **** piety under Cheibriados
  2723 | D:4      | Noticed Grinder
  2725 | D:4      | Found a blossoming altar of Fedhas.
  2729 | D:4      | Paralysed by Grinder for 5 turns
  2743 | D:3      | Paralysed by Grinder for 5 turns
  2752 | D:3      | Killed Grinder
  2753 | D:3      | Reached skill level 3 in Armour
  2753 | D:3      | Reached XP level 6. HP: 22/53 MP: 4/6
  3420 | D:4      | Found a staircase to the Ecumenical Temple.
  3440 | D:4      | Reached skill level 4 in Armour
  3440 | D:4      | Reached XP level 7. HP: 60/60 MP: 7/7
  3481 | D:4      | Reached skill level 1 in Throwing
  3818 | D:4      | Found a burning altar of Makhleb.
  4018 | D:5      | Entered Level 5 of the Dungeon
  4018 | D:5      | Noticed Blork the orc
  4021 | D:5      | Killed Blork the orc
  4041 | D:5      | Found a hazy altar of Hepliaklqana.
  4053 | D:5      | Reached skill level 5 in Armour
  4229 | D:5      | Noticed Prince Ribbit
  4246 | D:5      | Killed Prince Ribbit
  4247 | D:5      | Reached skill level 1 in Bows
  4294 | D:5      | Found an ornate altar of the Wu Jian Council.
  4399 | D:5      | Reached XP level 8. HP: 67/67 MP: 9/9
  4402 | D:5      | Found a shimmering blue altar of Sif Muna.
  4402 | D:5      | Found a broken altar of Ashenzari.
  4735 | D:5      | Reached ***** piety under Cheibriados
  5215 | D:6      | Noticed a two-headed ogre
  5215 | D:6      | You fall into a shaft and drop 2 floors!
  5235 | D:8      | Reached skill level 5 in Fighting
  5235 | D:8      | Reached skill level 6 in Armour
  5240 | D:8      | Noticed Joseph
  5258 | D:8      | Paralysed by Joseph for 6 turns
  5270 | D:8      | Killed Joseph
  5360 | D:8      | Found a sacrificial altar of Ru.
  5573 | D:8      | Gained mutation: You are strong-willed. (Will+) [potion of
                  | mutation]
  5573 | D:8      | Gained mutation: You have sharp toenails. [potion of
                  | mutation]
  5573 | D:8      | Gained mutation: You tend to lose your temper in combat.
                  | [potion of mutation]
  5573 | D:8      | Gained mutation: You are covered in fur. (AC +1) [potion of
                  | mutation]
  5713 | D:8      | Learned a level 1 spell: Corona
  5725 | D:8      | Noticed Pikel
  5738 | D:8      | Killed Pikel
  5739 | D:8      | Reached skill level 7 in Armour
  5739 | D:8      | Reached XP level 9. HP: 55/74 MP: 11/11
  5802 | D:8      | Found an iron altar of Okawaru.
  5893 | D:8      | Noticed Harold
  5908 | D:8      | Killed Harold
  5909 | D:8      | Reached skill level 8 in Armour
  5909 | D:8      | Reached skill level 5 in Dodging
  5909 | D:8      | Reached skill level 5 in Invocations
  6128 | D:8      | Found an opulent altar of Gozag.
  6199 | D:8      | Found a bloodstained altar of Trog.
  6345 | D:9      | Found a staircase to the Lair.
  6360 | D:9      | Noticed an elephant
  6381 | D:9      | Reached skill level 9 in Armour
  6388 | D:9      | Killed an elephant
  6389 | D:9      | Reached XP level 10. HP: 46/83 MP: 8/13
  6579 | D:9      | Noticed Grum
  6594 | D:9      | Killed Grum
  6595 | D:9      | Reached skill level 1 in Axes
  6756 | D:9      | Got an ancient shortbow
  6757 | D:9      | Identified the +5 shortbow of Popular Demand {vorpal, +Fly
                  | MP+9 Dex+4} (You found it on level 9 of the Dungeon)
  7452 | D:10     | Entered Level 10 of the Dungeon
  7455 | D:10     | Reached skill level 5 in Bows
  7710 | D:10     | Found a bloodstained altar of Trog.
  7749 | D:10     | Reached skill level 10 in Armour
  7829 | D:10     | Got a pair of fading boots
  7840 | D:10     | Identified the cursed -5 pair of boots of Gestures {rN+}
                  | (You found it on level 10 of the Dungeon)
  7891 | D:10     | Noticed a two-headed ogre
  7901 | D:10     | Killed a two-headed ogre
  8536 | D:11     | Reached XP level 11. HP: 80/91 MP: 15/15
  8576 | D:11     | Reached ****** piety under Cheibriados
  8685 | D:11     | Found an ancient bone altar of Kikubaaqudgha.
  8955 | D:11     | Noticed a two-headed ogre
  8964 | D:11     | Killed a two-headed ogre
  9088 | D:11     | Noticed an obsidian statue
  9131 | D:11     | Killed an obsidian statue
  9258 | D:11     | Reached skill level 11 in Armour
 10038 | D:12     | Found a staircase to the Orcish Mines.
 10174 | D:12     | Reached XP level 12. HP: 101/101 MP: 17/17
 10263 | D:12     | Found a large runed translucent door.
 10263 | D:12     | Found a large runed translucent door.
 10265 | D:12     | Noticed Amplified's ghost (journeyman BaFi)
 10285 | D:12     | Killed Amplified's ghost
 10286 | D:12     | Reached skill level 5 in Axes
 10306 | D:12     | Learned a level 1 spell: Foxfire
 10591 | Lair:1   | Entered Level 1 of the Lair of Beasts
 10645 | Lair:1   | Noticed an eight-headed hydra
 10652 | Lair:1   | Killed an eight-headed hydra
 10717 | Lair:1   | Found a dark tunnel.
 10781 | Volcano  | Entered a volcano
 10926 | Volcano  | Reached skill level 12 in Armour
 10927 | Volcano  | Paralysed by a wizard for 3 turns
 11196 | Lair:1   | Noticed an eight-headed hydra
 11206 | Lair:1   | Killed a five-headed hydra
 11353 | Lair:1   | Found a transporter.
 11360 | Lair:1   | Noticed a seven-headed hydra
 11361 | Lair:1   | Noticed a four-headed hydra
 11362 | Lair:1   | Noticed Uretham's ghost (novice OpSu)
 11418 | Lair:1   | Found a transporter.
 11588 | Lair:1   | Reached XP level 13. HP: 99/113 MP: 18/18
 12023 | Lair:1   | Reached skill level 10 in Fighting
 12024 | Lair:1   | Killed Uretham's ghost
 12046 | Lair:1   | Reached skill level 10 in Bows
 12148 | Lair:1   | Identified a scroll of acquirement
 12149 | Lair:1   | Acquired a +3 demon whip of electrocution
 12199 | Lair:2   | Found a staircase to the Shoals.
 12202 | Lair:2   | Reached skill level 5 in Stealth
 12641 | Lair:2   | Noticed Erica
 12652 | Lair:2   | Killed Erica
 12653 | Lair:2   | Reached skill level 13 in Armour
 12974 | Lair:3   | Found an ornate altar of the Wu Jian Council.
 13388 | Lair:3   | Found a staircase to the Snake Pit.
 13884 | Lair:4   | Reached skill level 10 in Axes
 14449 | Lair:5   | Found a gate leading to a gauntlet.
 14473 | Gauntlet | Entered a Gauntlet
 14473 | Gauntlet | Found a transporter.
 14491 | Gauntlet | Found a transporter.
 14494 | Gauntlet | Found a transporter.
 14495 | Gauntlet | Found a transporter.
 14504 | Gauntlet | Found a transporter.
 14506 | Gauntlet | Found a transporter.
 14556 | Gauntlet | Found a transporter.
 14593 | Gauntlet | Found a transporter.
 14595 | Gauntlet | Found a transporter.
 14595 | Gauntlet | Found a transporter.
 14607 | Gauntlet | Gained mutation: Scrolls take you a little longer to read.
                  | [a neqoxec]
 14636 | Gauntlet | Mangled by a sun demon

Illustrated notes

Levels and vault maps discovered:
D:1:      kennysheep_arrival_forest, layout_basic, nemelex_diamond_rough_becter
D:2:      layout_loops_ring, marbit_many_paths, general_overflow_altar,
          chequers_ecumenical_altar_simple
D:3:      layout_rooms
D:4:      layout_layer_cave, lightli_temple_of_fire, temple_pool_b,
          abandoned_shop, fedhas_altar_1, uniq_grinder
D:5:      layout_basic, nicolae_overflow_crystal_walls, kennysheep_mini,
          amethyst_overflow_temple_binary, uniq_blork_the_orc,
          uniq_prince_ribbit1
D:6:      layout_loops_ring, lemuel_crystal_altar, lemuel_round_altar,
          roderic_filled_cross
D:8:      layout_basic, lemuel_coloured_pillars_altar, grunt_gozag_statues,
          kennysheep_mini_moat, trog_butcher_becter, uniq_pikel, uniq_harold,
          uniq_joseph
D:9:      layout_layer_cave, david_lair_generic, chequers_serial_rivers_micro_b,
          kennysheep_generic_room_5, uniq_grum
D:10:     layout_stronghold, minivault_26, eino_small_chamber_without_monster,
          minmay_tree_intersection, bloody_trog
D:11:     cheibrodos_frozen_isle, layout_cave_pools, basic_altar, minivault_16,
          nrook_guardian_serpent_double
D:12:     layout_roguey, erik_orc_4, ebering_ghost_disaster_area
Lair:1:   layout_chaotic_city, portal_ice_cave_entry_imps, nzn_ghost_randoct,
          lightli_volcano_entry_magma_tube, chequers_serial_rivers_micro_c,
          chequers_serial_rivers_large_b, beast_lair_carwin_3
Lair:2:   layout_cave_shapes, minmay_shoals_entry_beasts, uniq_erica
Lair:3:   layout_chaotic_city, guppyfry_snake_entry_garden, basic_altar
Lair:4:   layout_roguey, lemuel_another_geyser, lemuel_fruit_tree
Lair:5:   layout_gridlike, slime_altar_1, gauntlet_entry_generic,
          minmay_lair_oklob_chamber, grunt_megastairs_4, serial_bayou_shore_a
Gauntlet: gammafunk_gauntlet_77_escape_option [minmay_gauntlet_arena_77_mirror,
          minmay_gauntlet_arena_77_mess, minmay_gauntlet_arena_77_museum,
          minmay_gauntlet_arena_77_fan, minmay_gauntlet_arena_77_block_sizes,
          gauntlet_exit_spiral]

Skill      XL: |  1  2  3  4  5  6  7  8  9 10 11 12 13 |
---------------+----------------------------------------+-----
Maces & Flails | 4 5 6 7 8 9 |  9.7
Fighting       | 4 5 6 7 9 11 | 11.5
Dodging        | 4 5 6 7 |  7.0
Armour         | 1 3 4 5 7 9 10 11 12 13 | 13.4
Stealth        | 2 3 4 5 |  5.4
Invocations    | 1 2 3 4 5 7 8 |  8.2
Throwing       | 2 3 4 |  4.4
Bows           | 1 3 4 6 9 10 | 10.6
Axes           | 4 8 10 | 10.4
Evocations     | |  0.8

Action                   |  1- 3 |  4- 6 |  7- 9 | 10-12 | 13-15 || total
-------------------------+-------+-------+-------+-------+-------++-------
Melee: Mace              |    83 |    96 |    53 |   117 |    20 ||   369
       Headbutt          |    15 |    21 |    33 |    86 |    55 ||   210
       Flail             |       |       |    34 |       |       ||    34
       Battleaxe         |       |       |     2 |   105 |    92 ||   199
       Demon whip        |       |       |       |       |     9 ||     9
 Fire: Shortbow          |       |       |    33 |   306 |   109 ||   448
Throw: Boomerang         |       |    27 |     7 |       |       ||    34
       Dart              |       |       |    17 |     5 |     7 ||    29
Invok: Slouch            |       |       |     1 |     2 |       ||     3
Evoke: Wand              |       |       |       |     8 |     2 ||    10
  Use: Scroll            |       |     6 |     4 |    13 |     7 ||    30
       Potion            |       |     2 |     2 |     2 |     2 ||     8
 Stab: Sleeping          |     1 |     6 |     3 |     2 |     4 ||    16
       Distracted        |       |       |     2 |       |     1 ||     3
       Invisible         |       |       |       |       |     9 ||     9
Armor: Robe              |    16 |       |       |       |       ||    16
       Ring mail         |     7 |    44 |    40 |   139 |    34 ||   264
Dodge: Dodged            |    55 |    67 |    79 |   318 |   177 ||   696
